 Dungeon Crawl Stone Soup version 0.30.1-11-g7821555f0a (webtiles) character file.

Game seed: 8749499625912924170

97 porpoise the Shooter (level 4, 0/26 HPs)
             Began as a Deep Elf Hunter on Dec 11, 2023.
             Slain by a river rat (1 damage)
             ... in a sewer.
             The game lasted 00:04:20 (1904 turns).

porpoise the Shooter (Deep Elf Hunter)              Turns: 1904, Time: 00:04:20

Health: 0/26       AC:  4    Str:  8    XL:     4   Next: 42%
Magic:  6/6        EV: 13    Int: 14    God:
Gold:   152        SH:  0    Dex: 20    Spells: 3/3 levels left

rFire   . . .        a - +0 shortbow
rCold   . . .        (shield currently unavailable)
rNeg    . . .        c - +0 leather armour
rPois   .            d - +0 helmet
rElec   .            (no cloak)
rCorr   .            (no gloves)
SInv    .            (no boots)
Will    .....        (no amulet)
Stlth   ++           (no ring)
HPRegen 0.24/turn    (no ring)
MPRegen 0.10/turn

%: no passive effects
@: lethally poisoned (0 -> -2)
A: no striking features
a: no special abilities


You were in a sewer.
You visited 1 branch of the dungeon, and saw 3 of its levels.
You also visited: Sewer.

You collected 152 gold pieces.

Inventory:

Hand Weapons
 a - a +0 shortbow (weapon)
Armour
 c - a +0 leather armour (worn)
 d - a +0 helmet (worn)
Jewellery
 h - a +6 ring of strength
Wands
 e - a wand of flame (16)
Scrolls
 b - a scroll of immolation
 f - a scroll of identify
 i - a scroll of teleportation {unknown}
Potions
 g - 2 potions of heal wounds
 l - 2 potions of mutation


   Skills:
 + Level 2.2 Fighting
 * Level 6.4 Ranged Weapons
 + Level 3.3 Dodging
 + Level 2.7 Stealth


You had 3 spell levels left.
You didn't know any spells.
Your spell library contained the following spells:

 Spells                   Type           Power      Damage    Failure   Level
 Sandblast                Erth           0%         2d4       38%         1
 Passwall                 Tmut/Erth      0%         N/A       54%         2
 Poisonous Vapours        Pois/Air       0%         N/A       54%         2
 Mephitic Cloud           Conj/Pois/Air  0%         N/A       77%         3
 Stone Arrow              Conj/Erth      0%         3d7       77%         3
 Freezing Cloud           Conj/Ice/Air   0%         6-21      100%        5


Dungeon Overview and Level Annotations

Branches:
Dungeon (3/15)              Sewer (1/1)

Altars:


Message History

An adder comes into view.
You shoot an arrow. The arrow hits the adder.
The adder hisses angrily.
The adder is heavily wounded.
A river rat comes into view.
A river rat comes into view.
You shoot an arrow. The arrow hits the river rat.
The river rat is heavily wounded.
A river rat comes into view.
The river rat closely misses you.
You shoot an arrow. The arrow hits the river rat!
You kill the river rat!
The adder barely misses you. The river rat closely misses you.
You shoot an arrow. The arrow hits the adder.
The adder is heavily wounded.
The adder closely misses you. The river rat bites you.
The adder closely misses you.
You shoot an arrow. The arrow barely misses the adder.
The arrow completely misses the river rat.
The adder bites you but does no damage. The adder closely misses you.
You shoot an arrow. The arrow barely misses the adder.
The river rat bites you. x2
The adder bites you.
You are poisoned.
The adder poisons you! The river rat closely misses you.
The river rat bites you.
You are too injured to fight recklessly!
Unknown command.
You shoot an arrow. The arrow closely misses the adder.
You feel sick. The adder barely misses you.
The river rat bites you but does no damage.
The river rat closely misses you. The adder misses you.
You shoot an arrow. The arrow hits the adder!
You kill the adder!
You feel sick. The river rat bites you!
* * * LOW HITPOINT WARNING * * *
The river rat closely misses you.
You shoot an arrow. The arrow closely misses the river rat.
* * * LOW HITPOINT WARNING * * *
You feel sick. The river rat bites you.
You die...

#
#####~########
...~...†@~..∩#
~~..~~~rr...∩#
##############


You could see 2 river rats.

Vanquished Creatures
  An orc wizard (D:3)
  2 adders
  A river rat (Sewer)
  A worm (D:2)
  3 orcs (D:3)
  10 bats
  3 endoplasms
  2 giant cockroaches
  2 goblins
  2 hobgoblins (D:2)
  6 quokkas
  2 ball pythons
  2 kobolds (D:1)
  4 rats
41 creatures vanquished.

Notes
Turn   | Place    | Note
-------+----------+-------------------------------------------
     0 | D:1      | porpoise the Deep Elf Hunter began the quest for the Orb.
     0 | D:1      | Reached XP level 1. HP: 12/12 MP: 3/3
   310 | D:1      | Reached XP level 2. HP: 17/17 MP: 4/4
  1129 | D:2      | Reached XP level 3. HP: 21/21 MP: 5/5
  1825 | D:3      | Reached skill level 6 in Ranged Weapons
  1829 | D:3      | Reached XP level 4. HP: 26/26 MP: 6/6
  1871 | D:3      | Found a glowing drain.
  1882 | Sewer    | Entered a sewer
  1904 | Sewer    | HP: 1/26 [poisoned by an adder]
  1904 | Sewer    | Slain by a river rat

Illustrated notes

Levels and vault maps discovered:
D:1:      eino_arrival_tree_alley, layout_basic, grunt_decor_mini_mirrors
D:2:      layout_basic
D:3:      minmay_roachtagon, layout_basic, portal_sewer_entry_f, minmay_ruptured
Sewer:    sewer_co_cracked_pipes

Skill      XL: |  1  2  3 |
---------------+----------+-----
Stealth        | 2 |  2.7
Dodging        | 3 |  3.3
Fighting       | 2 |  2.2
Ranged Weapons | 6 |  6.4

Action                     |  1- 3 |  4- 6 || total
---------------------------+-------+-------++-------
   Fire: Shortbow          |    85 |    24 ||   109
    Use: Scroll            |     7 |       ||     7
 Armour: Leather armour    |    11 |     3 ||    14
  Dodge: Dodged            |    28 |    16 ||    44
